Match 37364933
Unlisted

Match 37364933
End
Construct Infanterie Kompanie
Selects Luftwaffe Battlegroup
Selects Luftwaffe Pioneer Support
Fallschirmpioneer Squad Paradrop
GrW 34 Mortar Team
GrW 34 Mortar Team
Fallschirmpioneer Squad Paradrop
Infanterie Officer Quarters
Kettenkrad Recon Vehicle
Construct Luftwaffe Kompanie
Selects Stuka Strafing Run
Selects Fallschirmjäger Squad Paradrop
Fallschirmjäger Squad Paradrop
Support Elements
Stuka Strafing Run
Fallschirmjäger Squad Paradrop
Marder III M Tank Destroyer
Selects Fragmentation Bombs
Marder III M Tank Destroyer
Selects Fragmentation Bombs
Fragmentation Bombs
Fallschirmjäger Squad Paradrop
Selects LG40 Recoilless Gun Paradrop
Selects Infantry Reserves
Marder III M Tank Destroyer
Marder III M Tank Destroyer
Luftwaffe Officer Quarters
Fallschirmjäger Squad Paradrop
Marder III M Tank Destroyer
Marder III M Tank Destroyer
Stuka Strafing Run
Fallschirmjäger Squad Paradrop
Fragmentation Bombs
BÖRK
Rabbs
Billy
starlight
Chikage
R19
JT
冲锋大哥
0
0

Comments sign in to comment!

No comments posted yet!